 Dungeon Crawl Stone Soup version 0.31.0-12-g77e489cdc1 (webtiles) character file.

Game seed: 7872212000976906461

325 Ijustatesigmund the Trooper (level 6, 0/39 HPs)
             Began as a Gargoyle Fighter on Feb 23, 2024.
             Slain by Crazy Yiuf
             ... wielding a +2 quarterstaff of chaos
              (4 damage)
             ... on level 2 of the Dungeon.
             The game lasted 00:03:54 (2610 turns).

Ijustatesigmund the Trooper (Gargoyle Fighter)      Turns: 2610, Time: 00:03:55

Health: 0/39       AC: 11    Str: 20    XL:     6   Next: 48%
Magic:  6/6        EV:  8    Int: 10    God:
Gold:   175        SH:  8    Dex:  9    Spells: 4/5 levels left

rFire   . . .        a - +0 flail
rCold   . . .        c - +0 kite shield
rNeg    + . .        b - +0 scale mail
rPois   ∞            (no helmet)
rElec   +            (no cloak)
rCorr   +            (no gloves)
SInv    +            (no boots)
Will    .....        (no amulet) Stlth
                     d - ring of see invisible
HPRegen 0.26/turn    f - ring of resist corrosion
MPRegen 0.10/turn

%: no passive effects
@: weak-willed, hasted, studying Long Blades, very quick
A: sickness immunity, AC +4, negative energy resistance 1, electricity
resistance, torment resistance 1, petrification resistance
a: no special abilities


You were on level 2 of the Dungeon.
You visited 1 branch of the dungeon, and saw 3 of its levels.

You collected 175 gold pieces.

Inventory:

Hand Weapons
 a - a +0 flail (weapon)
Armour
 b - a +0 scale mail (worn)
 c - a +0 kite shield (worn)
 h - a +0 buckler
Jewellery
 d - a ring of see invisible (left hand)
 f - a ring of resist corrosion (right hand)
Wands
 p - a wand of paralysis (1)
Scrolls
 e - a scroll of vulnerability {unknown}
 g - a scroll of noise {unknown}
 i - 3 scrolls of identify {unknown}
 j - 2 scrolls of poison {unknown}
 l - a scroll of enchant armour {unknown}
 o - a scroll of teleportation {unknown}
Potions
 k - a potion of lignification {unknown}
 m - a potion of heal wounds
 n - 2 potions of haste {unknown}


   Skills:
 + Level 4.6 Fighting
 + Level 4.4 Maces & Flails
 + Level 4.5 Armour
 + Level 4.4 Shields
 + Level 0.0 Conjurations


You had 4 spell levels left.
You knew the following spells:

 Your Spells              Type           Power      Damage    Failure   Level
a - Magic Dart            Conj           0%         1d3       94%         1

Your spell library contained the following spells:

 Spells                   Type           Power      Damage    Failure   Level
 Blink                    Tloc           0%         N/A       98%         2
 Call Imp                 Summ           0%         N/A       98%         2


Dungeon Overview and Level Annotations

Branches:
Dungeon (3/15)

Altars:

Shops:
D:1 :

Annotations:
D:2 Crazy Yiuf


Innate Abilities, Weirdness & Mutations

You are immune to sickness and miasma.
Your stone body is resilient. (AC +4)
You are immune to poison.
You resist negative energy. (rN+)
You are resistant to electric shocks. (rElec)
You are resistant to unholy torment.
You are immune to petrification.


Message History

No reachable target in view!
You open the door. You closely miss Crazy Yiuf. Crazy Yiuf barely misses you.
You hit Crazy Yiuf but do no damage.
Crazy Yiuf says, "Goober!"
You block Crazy Yiuf's attack.
You thump Crazy Yiuf!
Crazy Yiuf is heavily wounded.
Crazy Yiuf hits you with a +2 quarterstaff of chaos.
Crazy Yiuf freezes you.
Crazy Yiuf hits you with a +2 quarterstaff of chaos!
Crazy Yiuf burns you.
You sock Crazy Yiuf!
Crazy Yiuf is almost dead.
Crazy Yiuf hits you with a +2 quarterstaff of chaos.
You hit Crazy Yiuf but do no damage.
Crazy Yiuf is almost dead.
Crazy Yiuf closely misses you.
You barely miss Crazy Yiuf.
Crazy Yiuf is almost dead.
Crazy Yiuf closely misses you. You block Crazy Yiuf's attack.
You hit Crazy Yiuf but do no damage.
Crazy Yiuf is almost dead.
Crazy Yiuf hits you but does no damage.
Your willpower is stripped away!
You barely miss Crazy Yiuf.
Crazy Yiuf is almost dead.
Crazy Yiuf says, "East hand wrapper!"
Crazy Yiuf hits you with a +2 quarterstaff of chaos.
You feel yourself speed up.
You closely miss Crazy Yiuf.
Crazy Yiuf is almost dead.
Crazy Yiuf hits you with a +2 quarterstaff of chaos!
* * * LOW HITPOINT WARNING * * *
Crazy Yiuf freezes you.
* * * LOW HITPOINT WARNING * * *
Unknown command.
You completely miss Crazy Yiuf.
Crazy Yiuf is almost dead.
Crazy Yiuf hits you with a +2 quarterstaff of chaos.
You die...

#####........# #.......
###...)........#####.......
##...###........##...#.#....
#..### #############.#.##...
#.## #........ #.########
####.###.. #)#...)#.### ###
#....# #.. #......)#).##...#
########## #......####@g...#
#.)...# ##....## ###).)#
#.##.## ###### ### #.##...
#.##### #....(. #######


You could see Crazy Yiuf.

Vanquished Creatures
  Sigmund (D:3)
  An iguana (D:3)
  Terence (D:2)
  Robin (D:2)
  2 adders (D:2)
  3 ribbon worms
  3 dart slugs (D:2)
  5 endoplasms
  4 giant cockroaches
  10 goblins
  7 hobgoblins
  4 jackals (D:1)
  2 ball pythons
  7 bats
  4 frilled lizards
  7 kobolds
  8 rats
70 creatures vanquished.

Notes
Turn   | Place    | Note
-------+----------+-------------------------------------------
     0 | D:1      | Ijustatesigmund the Gargoyle Fighter began the quest for
                  | the Orb.
     0 | D:1      | Reached XP level 1. HP: 14/14 MP: 1/1
   371 | D:1      | Reached XP level 2. HP: 16/19 MP: 2/2
   627 | D:1      | Found Vogurghats's Book Shoppe.
   928 | D:2      | Reached XP level 3. HP: 23/23 MP: 3/3
  1042 | D:2      | Noticed Robin
  1123 | D:2      | Noticed Terence
  1127 | D:2      | Killed Terence
  1128 | D:2      | Reached XP level 4. HP: 25/29 MP: 4/4
  1225 | D:2      | Killed Robin
  1563 | D:2      | Reached XP level 5. HP: 30/33 MP: 5/5
  1695 | D:2      | Found a runed translucent door.
  1696 | D:2      | Noticed Crazy Yiuf
  2104 | D:3      | Noticed Sigmund
  2116 | D:3      | Killed Sigmund
  2117 | D:3      | Reached XP level 6. HP: 32/39 MP: 6/6
  2304 | D:3      | Learned a level 1 spell: Magic Dart
  2610 | D:2      | Slain by Crazy Yiuf

Illustrated notes

Levels and vault maps discovered:
D:1:      minmay_arrival_arboretum_small, layout_basic, serial_shops, shop,
          minivault_19
D:2:      layout_basic, uniq_robin, uniq_crazy_yiuf_cottage, uniq_terence
D:3:      layout_basic, lightli_corner_chamber, uniq_sigmund

Skill      XL: |  1  2  3  4  5 |
---------------+----------------+-----
Maces & Flails | 3 4 |  4.4
Fighting       | 4 |  4.6
Armour         | 4 |  4.5
Shields        | 4 |  4.4

Action                     |  1- 3 |  4- 6 || total
---------------------------+-------+-------++-------
  Melee: Flail             |    93 |   133 ||   226
  Evoke: Wand              |       |     2 ||     2
    Use: Potion            |     1 |     1 ||     2
   Stab: Paralysed         |       |     3 ||     3
 Armour: Scale mail        |    70 |   156 ||   226
  Dodge: Dodged            |    50 |    76 ||   126
  Block: Kite shield       |    45 |   112 ||   157
         Buckler           |     2 |       ||     2
